 Dungeon Crawl Stone Soup version 0.23.0-3-gf3c87f2df8 (webtiles) character file.

Game seed: 4897525879343630314

121 OdinFK the Firebug (level 4, -5/30 HPs)
             Began as a Demonspawn Fire Elementalist on Feb 22, 2019.
             Slain by an iguana (7 damage)
             ... on level 2 of the Dungeon.
             The game lasted 00:12:58 (1929 turns).

OdinFK the Firebug (Demonspawn Fire Elementalist)   Turns: 1929, Time: 00:12:59

Health: -5/30      AC:  4    Str:  8    XL:     4   Next: 77%
Magic:  1/8        EV: 12    Int: 18    God:
Gold:   104        SH:  0    Dex: 13    Spells: 6/9 levels left

rFire    + . .     SeeInvis .   l - +2 dagger (venom)
rCold    . . .     Gourm    .   (no shield)
rNeg     . . .     Faith    .   a - +0 robe
rPois    .         Spirit   .   (no helmet)
rElec    .         Reflect  .   (no cloak)
rCorr    .         Harm     .   (no gloves)
MR       .....                  (no boots)
Stlth    ++........             (no amulet)
HPRegen  0.10/turn              i - ring of attention (curse)
MPRegen  0.11/turn              o - ring of protection from fire

@: no status effects
A: molten scales 1, nightstalker 1
a: no special abilities


You were on level 2 of the Dungeon.
You were hungry.

You visited 1 branch of the dungeon, and saw 4 of its levels.

You collected 104 gold pieces.

Inventory:

Hand Weapons
 l - a +2 dagger of venom (weapon)
Armour
 a - a +0 robe (worn)
Jewellery
 i - a cursed ring of attention (left hand)
 o - a ring of protection from fire (right hand)
 s - an uncursed ring of protection from fire
Scrolls
 e - 2 scrolls of identify
 f - a scroll of fear {unknown}
 g - a scroll of magic mapping {unknown}
 k - a scroll of teleportation {unknown}
 r - a scroll of fog {unknown}
 t - a scroll of blinking {unknown}
Potions
 b - 2 potions of magic {unknown}
 d - a potion of curing
 h - a potion of might {unknown}
 j - a potion of cancellation {unknown}
 m - a potion of mutation {unknown}
 p - a potion of flight {unknown}
 q - a potion of heal wounds {unknown}
Comestibles
 c - 5 rations
 n - 2 chunks of flesh


   Skills:
 + Level 2.1 Dodging
 + Level 2.1 Stealth
 + Level 3.2 Spellcasting
 + Level 1.9 Conjurations
 + Level 3.6 Fire Magic


You had 6 spell levels left.
You knew the following spells:

 Your Spells              Type           Power        Failure   Level  Hunger
a - Flame Tongue          Conj/Fire      ##...        4%          1    None
b - Throw Flame           Conj/Fire      ##....       8%          2    ##.....

Your spell library contained the following spells:

 Spells                   Type           Power        Failure   Level  Hunger
 Conjure Flame            Conj/Fire      ##......     16%         3    ###....
 Inner Flame              Hex/Fire       #.......     22%         3    ###....
 Sticky Flame             Conj/Fire      ##......     45%         4    ####...
 Fireball                 Conj/Fire      ##........   80%         5    ######.


Dungeon Overview and Level Annotations

Branches:
Dungeon (4/15)
 Temple: D:4-7

Altars:


Innate Abilities, Weirdness & Mutations

You are partially covered in molten scales. (AC +2)
You are slightly more attuned to the shadows.


Message History

Casting: Throw Flame (safe; 8% risk of failure)
Confirm with . or Enter, or press ? or * to list all spells.
Aiming: Throw Flame (safe; 8% risk of failure)
Press: ? - help, Shift-Dir - straight line, f/p - iguana
Aim: an iguana (moderately wounded)
The puff of flame hits the iguana.
The iguana is severely wounded.
The iguana misses you.
Casting: Throw Flame (safe; 8% risk of failure)
Confirm with . or Enter, or press ? or * to list all spells.
Aiming: Throw Flame (safe; 8% risk of failure)
Press: ? - help, Shift-Dir - straight line, f/p - iguana
Aim: an iguana (severely wounded)
The puff of flame hits the iguana.
The iguana is almost dead.
The iguana bites you!
Ouch! That really hurt!
* * * LOW HITPOINT WARNING * * *
The iguana bites you!
You die...

#.........# #.........#####
#.............# ##########
##.........###.# #....##...
.........#...#.# #....##...
.........###.#.# #....##...
.........###)#.# #######....##...
.............#.###....##....##...
................@l...............
.......>...............รท......)..
#######......#...#....##....#####
#........#.#....#######
#......#.#......#
#......#...##)### #......###.##.#
##########)##.# #.......#


You could see an iguana.

Vanquished Creatures
  An iguana (D:3)
  3 gnolls (D:3)
  An adder (D:3)
  A worm (D:3)
  A dart slug (D:3)
  A leopard gecko (D:3)
  5 bats
  2 giant cockroaches
  8 goblins
  8 hobgoblins
  2 jackals (D:2)
  A quokka (D:3)
  2 frilled lizards (D:2)
  9 kobolds
  5 rats
50 creatures vanquished.

Notes
Turn   | Place    | Note
-------+----------+-------------------------------------------
     0 | D:1      | OdinFK the Demonspawn Fire Elementalist began the quest for
                  | the Orb.
     0 | D:1      | Reached XP level 1. HP: 13/13 MP: 3/3
   279 | D:1      | Gained mutation: You are slightly more attuned to the
                  | shadows. [demonic ancestry]
   279 | D:1      | Reached XP level 2. HP: 19/19 MP: 3/5
   286 | D:1      | Learned a level 2 spell: Throw Flame
   410 | D:1      | You fall through a shaft!
   768 | D:2      | Gained mutation: You are partially covered in molten
                  | scales. (AC +2) [demonic ancestry]
   768 | D:2      | Reached XP level 3. HP: 21/24 MP: 1/6
  1292 | D:3      | Reached XP level 4. HP: 26/30 MP: 0/8
  1920 | D:2      | HP: 1/30 [iguana (15)]
  1929 | D:2      | Slain by an iguana

Skill      XL: |  1  2  3  4 |
---------------+-------------+-----
Fire Magic     | 3 |  3.6
Stealth        | 2 |  2.1
Dodging        | 2 |  2.1
Spellcasting   | 3 |  3.2
Conjurations   | |  1.9

Action                   |  1- 3 |  4- 6 || total
-------------------------+-------+-------++-------
Melee: Dagger            |    14 |     6 ||    20
 Cast: Flame Tongue      |    61 |    13 ||    74
       Throw Flame       |     9 |    11 ||    20
  Use: Scroll            |     1 |       ||     1
  Eat: Chunk             |     2 |     2 ||     4
Armor: Robe              |     3 |     2 ||     5
Dodge: Dodged            |    17 |    13 ||    30
